 Dungeon Crawl Stone Soup version 0.17-a0-1989-gfb2cd5c (webtiles) character file.

72 Ordine the Skirmisher (level 4, -1/33 HPs)
             Began as an Octopode Fighter on Oct 7, 2015.
             Slain by aves's ghost (13 damage)
             ... on level 3 of the Dungeon.
             The game lasted 00:05:19 (1420 turns).

Ordine the Skirmisher (Octopode Fighter)            Turns: 1420, Time: 00:05:19

Health: -1/33      AC:  2    Str: 20    XL:     4   Next: 25%
Magic:  4/4        EV:  7    Int: 10    God:
Gold:   161        SH:  9    Dex: 12    Spells: 0 memorised, 3 levels left

rFire  + . .     SeeInvis .     a - +0 long sword
rCold  . . .     Clarity  .     b - +0 shield
rNeg   + . .     SustAt   .     (helmet restricted)
rPois  +         Gourm    .     (no amulet)
rElec  .         Spirit   .     n - +1 ring of protection
rCorr  .         Warding  .     s - ring of positive energy
rMut   .         Stasis   .     (no ring)
MR     .....                    (no ring)
Stlth  ++........               (no ring)
                                (no ring)
                                (no ring)
                                (no ring)

@: mighty, constricted, not resistant to hostile enchantments, unstealthy
A: almost no armour, amphibious, 8 rings, constrict 8, camouflage 1, fire
resistance 1, poison resistance, spit poison 1, gelatinous body 1
a: Spit Poison


You were on level 3 of the Dungeon.
You were hungry.

You visited 1 branch of the dungeon, and saw 3 of its levels.

You collected 161 gold pieces.

Inventory:

Hand Weapons
 a - a +0 long sword (weapon)
Missiles
 e - 9 poisoned needles
 k - 71 stones (quivered)
Armour
 b - a +0 shield (worn)
Jewellery
 n - a +1 ring of protection (left tentacle)
 s - a ring of positive energy (right tentacle)
Wands
 q - a wand of frost (4)
Potions
 c - a potion of might
 f - a potion of resistance
 i - 4 potions of curing
 j - 2 potions of lignification
 l - a potion of brilliance {unknown}
 m - a potion of agility
 r - a potion of magic {unknown}
Comestibles
 d - 3 bread rations
 g - 2 fruits
 o - 2 meat rations


   Skills:
 + Level 4.2 Fighting
 + Level 3.2 Long Blades
 - Level 3.0 Dodging
 - Level 3.0 Shields


You had 3 spell levels left.
You didn't know any spells.

Dungeon Overview and Level Annotations

Branches:
Dungeon (3/15)

Altars:
Ashenzari
The Shining One

Annotations:
D:3 aves's ghost, amateur VSFi


Innate Abilities, Weirdness & Mutations

You cannot wear most types of armour.
You are amphibious.
You can wear up to eight rings at the same time.
You can use your tentacles to constrict eight enemies at once.
Your skin changes colour to match your surroundings (Stealth).
Your rubbery body absorbs attacks (AC +1).
Your flesh is heat resistant.
Your system is resistant to poisons.
You can spit weak poison.


Message History

The ball python closely misses you. You block aves's ghost's attack.
Drink which item? (? for menu, Esc to quit)
You feel very mighty all of a sudden. The ball python closely misses you. x2
Aves's ghost hits you! You block the ball python's attack.
The ball python barely misses you.
You slash aves's ghost!
Aves's ghost is severely damaged.
You block aves's ghost's attack. You block the ball python's attack.
The ball python grabs you. The ball python constricts you.
You completely miss aves's ghost.
Aves's ghost is severely damaged.
The ball python closely misses you. The ball python constricts you.
You block aves's ghost's attack. The ball python bites you.
The ball python constricts you. Aves's ghost hits you!
You barely miss aves's ghost. Your squeeze misses aves's ghost.
Aves's ghost is severely damaged.
The ball python barely misses you. The ball python constricts you.
Aves's ghost hits you!
You die...

,* *,* *********** ******,* ,*
###,*##.......## *,* ,*
#...*#......%..###*** *,* ,*
**#...##...........,,,** *,*
,*
*,...............#,*,*,****,**
,*
*,###.....###...##,*,,,,,,,***
,*
*,#####_#####...S.,,,*,*****,*
,*
*,###.....###S#****,,,********
,* *,..........W@#
**,,,,,,,,,,
,****##.##...##.## *,******,,,
,,,,,,,#...####.# *,* *,,,
******#.###*###.# *,* ****
*****#.#####...######*,* *≈*
*,,,,.................,* ***
*,****.#...#.######.##,* ****
**,****,#.......# *,**,* *,,,
,,,,,,,,#.(.###.# *,**,* *,**


You could see aves's ghost and a ball python.

Vanquished Creatures
  3 adders (D:2)
  A worm (D:2)
  9 bats
  3 giant cockroaches (D:1)
  8 goblins
  4 hobgoblins
  2 quokkas
  A ball python (D:1)
  2 giant newts
  3 kobolds
  5 rats (D:1)
41 creatures vanquished.

Notes
Turn   | Place    | Note
--------------------------------------------------------------
     0 | D:1      | Ordine the Octopode Fighter began the quest for the Orb.
     0 | D:1      | Reached XP level 1. HP: 16/16 MP: 1/1
    13 | D:1      | Noticed an electric eel
   117 | D:1      | Reached XP level 2. HP: 17/21 MP: 2/2
   488 | D:2      | Reached XP level 3. HP: 18/27 MP: 3/3
   603 | D:2      | Gained mutation: Your flesh is heat resistant. [potion of mutation]
   603 | D:2      | Gained mutation: You can spit weak poison. [potion of mutation]
   603 | D:2      | Gained mutation: Your system is resistant to poisons. [potion of mutation]
   630 | D:2      | Reached skill level 4 in Fighting
   984 | D:2      | Found a glowing golden altar of the Shining One.
  1169 | D:2      | Reached XP level 4. HP: 29/33 MP: 4/4
  1401 | D:3      | Found a shattered altar of Ashenzari.
  1401 | D:3      | Noticed aves's ghost (amateur VSFi)
  1420 | D:3      | Slain by aves's ghost

Vault maps used:
D:1:      arrival_aquarium_a
D:2:      nicolae_tso_swordbearing_angel, minmay_distorted
D:3:      cheibrodos_ashenzari_chains, yredelemnul_forgotten_temple_becter,
          nicolae_qazlal_style_of_elements, nicolae_overflow_hidden_temple,
          first_bread, serial_glass, glass_columns_a, glass_columns_a,
          feat_on_display, due_unseen_surprise, feat_on_display,
          minmay_strange_pillars

Action                   |  1- 3 |  4- 6 || total
-------------------------+-------+-------++-------
Melee: Long sword        |    74 |    12 ||    86
Throw: Stone             |     1 |       ||     1
Evoke: Wand              |       |     3 ||     3
  Use: Scroll            |     8 |     1 ||     9
       Potion            |     1 |     2 ||     3
 Stab: Sleeping          |     5 |     3 ||     8
  Eat: Chunk             |       |     1 ||     1
